 Dungeon Crawl Stone Soup version 0.28.0 (webtiles) character file.

Game seed: 17826672422913749501

74146 browni3141 the Warrior (level 15, -19/152 HPs)
             Began as a Minotaur Berserker on Feb 16, 2022.
             Was an Elder of Trog.
             Blown up by an orb spider (42 damage)
             ... with an orb of destruction
             ... on level 1 of the Spider Nest.
             The game lasted 00:17:00 (21324 turns).

browni3141 the Warrior (Minotaur Berserker)        Turns: 21324, Time: 00:17:00

Health: -19/152    AC: 29    Str: 30    XL:     15   Next: 6%
Magic:  0/14       EV:  9    Int:  4    God:    Trog [****..]
Gold:   1264       SH:  0    Dex: 11    Spells: 14/14 levels left

rFire   . . .      SeeInvis .   Z - +2 battleaxe (flame)
rCold   + . .      Faith    .   (shield currently unavailable)
rNeg    . . .      Spirit   +   g - +1 plate armour {rC+}
rPois   +          Reflect  .   (helmet restricted)
rElec   .          Harm     .   s - +0 cloak
rCorr   .          Rampage  .   f - +2 pair of gloves
Will    +++++                   E - +2 pair of boots of Voaf {*Slow Will+ Str+2}
Stlth   ..........              Y - amulet of guardian spirit
HPRegen 1.35/turn               C - ring of willpower
MPRegen 0.14/turn               X - ring of poison resistance

@: strong-willed, on berserk cooldown, regenerating, slowed, studying
Invocations, very slow
A: horns 2, retaliatory headbutt, camouflage 1
a: Renounce Religion, Berserk, Trog's Hand, Brothers in Arms


You were on level 1 of the Spider Nest.
You worshipped Trog.
Trog was greatly pleased with you.
You visited 4 branches of the dungeon, and saw 20 of its levels.
You also visited: Ossuary.

You collected 1661 gold pieces.
You spent 397 gold pieces at shops.

Inventory:

Hand Weapons
 Z - a +2 battleaxe of flaming (weapon)
Missiles
 p - 3 throwing nets (quivered)
Armour
 b - a +0 animal skin
 d - a +0 scale mail
 f - a +2 pair of gloves (worn)
 g - a +1 plate armour of cold resistance (worn)
 s - a +0 cloak (worn)
 u - a +0 plate armour
 E - the +2 pair of boots of Voaf (worn) {*Slow Will+ Str+2}
   (You bought it in a shop on level 7 of the Dungeon)

   Str:       It affects your strength (+2).
   *Slow:     It may slow you when you take damage.
   Will:      It increases your willpower.
 O - the +1 chain mail of Inquiry {rPois rF- rCorr Dex-2}
   (You found it on level 11 of the Dungeon)

   Dex:       It affects your dexterity (-2).
   rF:        It makes you vulnerable to fire.
   rPois:     It protects you from poison.
   rCorr:     It protects you from acid and corrosion.
Jewellery
 a - a ring of resist corrosion
 z - an amulet of magic regeneration
 C - a ring of willpower (left hand)
 H - a ring of flight
 K - a ring of protection from cold
 M - a +6 ring of strength
 P - a ring of fire
 X - a ring of poison resistance (right hand)
 Y - an amulet of guardian spirit (around neck)
Wands
 n - a wand of mindburst (17)
 q - a wand of polymorph (12)
 w - a wand of flame (25)
 J - a wand of iceblast (4)
 R - a wand of digging (6)
Scrolls
 c - 5 scrolls of enchant armour
 j - 3 scrolls of summoning
 k - 4 scrolls of fog
 l - 9 scrolls of teleportation
 m - 2 scrolls of blinking
 o - a scroll of immolation
 x - 3 scrolls of fear
 D - 2 scrolls of enchant weapon
 G - 2 scrolls of torment
 N - a scroll of noise
 S - a scroll of brand weapon
 V - 2 scrolls of identify
Potions
 e - 16 potions of curing
 h - 3 potions of degeneration
 i - 3 potions of lignification
 r - 2 potions of berserk rage
 v - 4 potions of invisibility
 A - a potion of flight
 B - 5 potions of attraction
 F - 3 potions of magic
 I - 2 potions of haste
 L - 3 potions of might
 Q - 3 potions of resistance {unknown}
 T - a potion of cancellation {unknown}
 W - a potion of ambrosia {unknown}


   Skills:
 + Level 19.2 Fighting
 - Level 18.0 Axes
 + Level 19.0 Armour
 - Level 2.1 Dodging


You had 14 spell levels left.
You didn't know any spells.
Your spell library was empty.

Dungeon Overview and Level Annotations

Branches:
Dungeon (12/15)            Temple (0/1) D:6            Lair (6/6) D:11
  Swamp (0/4) Lair:4       Spider (1/4) Lair:3        Slime (0/5) Lair:5
    Orc (1/2) D:9         Ossuary (visited)

Altars:
Cheibriados
Xom
Yredelemnul
Zin
Beogh

Shops:
D:4 ?*   D:7 [   D:8 =   D:11 (

Annotations:
Lair:5 exclusion: oklob plant


Innate Abilities, Weirdness & Mutations

You have a pair of horns on your head.
You reflexively headbutt those who attack you in melee.
Your skin changes colour to match your surroundings (Stealth+).


Message History

The jumping spider leaps!
You are too confused!
You are too confused!
You are too confused!
Unknown command.
You slice the meliai!! You burn the meliai!
You kill the meliai!
Trog accepts your kill.
You closely miss the tarantella.
The orb spider weaves a glowing orb of energy.
The jumping spider leaps!
The tarantella touches you but does no damage.
An orb of destruction comes into view.
Unknown command.
You feel better. The tarantella closely misses you. You furiously retaliate!
You headbutt the tarantella!
The orb spider begins to weave its threads into a brightly glowing ball.
The orb of destruction hits you!!!
* * * LOW HITPOINT WARNING * * *
The tarantella touches you but does no damage.
The jumping spider closely misses you.
The jumping spider bites you but does no damage.
The tarantella touches you but does no damage.
Unknown command.
Your skin crawls.
You feel strong-willed.
The jumping spider pounces on you but does no damage.
The jumping spider bites you but does no damage.
The tarantella barely misses you.
The orb spider weaves a glowing orb of energy.
The jumping spider closely misses you.
The jumping spider bites you but does no damage.
The tarantella closely misses you. You furiously retaliate!
You headbutt the tarantella, but do no damage.
An orb of destruction comes into view.
Unknown command.
The tarantella touches you but does no damage.
The jumping spider leaps!
The tarantella barely misses you. The orb of destruction hits you!!!
You die...

#.#..# #<...#
##.†.### #....#.#
#......#
#####..### .
#..#.##. .# .#
#..#)#.. ..#
...#..@†#.##.s..
#.....○s☼#....###
.......)○#).....#
...###s.s........
.# #......?......
#........#..###.
......#..##..^
......#... ....#
..#####... ....


You could see an orb spider, a jumping spider and a tarantella.

Vanquished Creatures
  An orc warlord (Orc:1)
  A broodmother (Spider:1)
  2 hydras
  4 boulder beetles
  6 two-headed ogres
  A deep troll shaman (Lair:6)
  A catoblepas (Lair:6)
  10 death yaks
  2 orc high priests (Orc:1)
  A deep troll (Orc:1)
  An orb spider (Lair:3)
  The ghost of bromine the Chopper, a novice DDBe of Trog (D:6)
  2 bog bodies (Lair:4)
  7 orc knights (Orc:1)
  A lindwurm (Lair:6)
  A manticore (D:10)
  An orc sorcerer (Orc:1)
  3 wolf spiders (Spider:1)
  A cyclops (D:10)
  4 black mambas
  A gargoyle (D:12)
  10 elephants (Lair:6)
  19 cane toads
  2 demonic crawlers (Spider:1)
  3 rime drakes
  9 komodo dragons
  2 polar bears
  6 meliai (Spider:1)
  Grinder (D:5)
  23 blink frogs
  5 dream sheep (Lair:4)
  A meliai zombie (D:10)
  6 jumping spiders (Spider:1)
  Sigmund (D:6)
  4 shadows
  66 yaks
  4 water elementals (D:11)
  10 basilisks
  8 wyverns
  A redback (Spider:1)
  2 wraiths
  Eustachio (D:4)
  2 steam dragons
  7 vampire mosquitoes
  Edmund (D:4)
  An acid dragon (D:11)
  3 swamp worms (Lair:4)
  16 water moccasins
  14 orc warriors
  4 sky beasts
  4 ice beasts
  A necrophage (D:4)
  4 ogres
  7 wolves
  7 centaurs
  An elf zombie (Ossuary)
  2 phantoms
  A kobold brigand (D:8)
  13 bullfrogs
  4 scorpions
  A wyvern skeleton (D:6)
  8 wights
  5 howler monkeys
  An electric eel (Lair:4)
  6 centaur zombies
  Crazy Yiuf (D:3)
  13 orc priests
  2 bullfrog skeletons
  A gnoll shaman (D:10)
  4 hounds
  3 jellies
  4 iguanas
  10 orc wizards
  4 hell rats (Lair:4)
  A hound zombie (D:5)
  3 mummies (Ossuary)
  A howler monkey skeleton (D:7)
  10 gnolls
  3 adders
  2 shadow imps
  15 white imps
  3 adder zombies (Ossuary)
  3 adder skeletons
  3 worms
  A dart slug (D:5)
  68 orcs
  7 ball pythons
  9 endoplasms
  4 giant cockroaches
  2 gnoll zombies (Ossuary)
  7 goblins
  5 hobgoblins
  8 quokkas
  6 bats
  3 frilled lizards
  3 goblin zombies (Ossuary)
  3 hobgoblin zombies (Ossuary)
  15 kobolds
  A kobold zombie (Ossuary)
  4 quokka zombies (Ossuary)
  7 rats
  A rat zombie (Ossuary)
589 creatures vanquished.

Vanquished Creatures (collateral kills)
  2 orc knights (Orc:1)
  A warg (Orc:1)
  3 orc warriors (Orc:1)
  A white imp (Orc:1)
  3 orcs (Orc:1)
10 creatures vanquished.

Vanquished Creatures (others)
  21 fungi
  33 plants
54 creatures vanquished.

Grand Total: 653 creatures vanquished

Notes
Turn   | Place    | Note
-------+----------+-------------------------------------------
     0 | D:1      | browni3141 the Minotaur Berserker began the quest for the
                  | Orb.
     0 | D:1      | Reached XP level 1. HP: 19/19 MP: 0/0
   322 | D:1      | Reached XP level 2. HP: 27/27 MP: 1/1
   882 | D:1      | Reached ** piety under Trog
  1183 | D:2      | Reached XP level 3. HP: 33/33 MP: 2/2
  2064 | D:3      | Reached XP level 4. HP: 35/41 MP: 3/3
  2253 | D:3      | Found a snail-covered altar of Cheibriados.
  2254 | D:3      | Found a basalt altar of Yredelemnul.
  2345 | D:3      | Found a runed translucent door.
  2346 | D:3      | Noticed Crazy Yiuf
  2841 | D:3      | Killed Crazy Yiuf
  2842 | D:3      | Reached skill level 5 in Fighting
  2842 | D:3      | Reached skill level 5 in Axes
  2842 | D:3      | Reached XP level 5. HP: 48/48 MP: 4/4
  2885 | D:4      | Found Nyd Tish's Magic Scroll Shoppe.
  2892 | D:4      | Bought a scroll of identify for 26 gold pieces
  2892 | D:4      | Bought a scroll of teleportation for 39 gold pieces
  2934 | D:4      | Reached XP level 6. HP: 61/66 MP: 5/5
  2999 | D:4      | Noticed Eustachio
  3020 | D:4      | Killed Eustachio
  3026 | D:4      | Reached *** piety under Trog
  3094 | D:4      | Reached skill level 10 in Axes
  3167 | D:4      | Noticed an orc warrior
  3173 | D:4      | Killed an orc warrior
  3174 | D:4      | Reached skill level 10 in Fighting
  3174 | D:4      | Reached XP level 7. HP: 72/72 MP: 6/6
  3363 | D:4      | Noticed Edmund
  3372 | D:4      | Killed Edmund
  3633 | D:4      | Found Feat Esyo's Mayhem Merchandise.
  3723 | D:4      | Reached skill level 10 in Armour
  3723 | D:4      | Reached XP level 8. HP: 78/80 MP: 7/7
  4125 | D:5      | Entered Level 5 of the Dungeon
  4126 | D:5      | Gained mutation: You are somewhat resistant to further
                  | mutation. [potion of mutation]
  4127 | D:5      | Lost mutation: You are somewhat resistant to further
                  | mutation. [potion of mutation]
  4127 | D:5      | Gained mutation: You are frail. (-10% HP) [potion of
                  | mutation]
  4127 | D:5      | Gained mutation: You have supernaturally acute eyesight.
                  | (SInv) [potion of mutation]
  4462 | D:5      | Noticed Grinder
  4485 | D:5      | Killed Grinder
  4878 | D:6      | Found a runed translucent gate.
  4879 | D:6      | Found a runed translucent gate.
  4880 | D:6      | Found a runed translucent gate.
  4887 | D:6      | Identified the +0 plate armour "Jige Asa" {rPois}
  4888 | D:6      | Noticed bromine's ghost (novice DDBe)
  4906 | D:6      | Reached XP level 9. HP: 77/77 MP: 8/8
  4908 | D:6      | Killed bromine's ghost
  4924 | D:6      | Reached **** piety under Trog
  5191 | D:6      | Noticed Sigmund
  5196 | D:6      | Killed Sigmund
  5249 | D:6      | Found a shimmering altar of Xom.
  5284 | D:6      | Found a sand-covered staircase.
  5292 | Ossuary  | Entered an ossuary
  5709 | D:6      | Lost mutation: You have supernaturally acute eyesight.
                  | (SInv) [potion of mutation]
  5709 | D:6      | Lost mutation: You are frail. (-10% HP) [potion of
                  | mutation]
  5709 | D:6      | Gained mutation: You are clumsy. (Dex -2) [potion of
                  | mutation]
  5709 | D:6      | Gained mutation: You sometimes lose the ability to read
                  | scrolls when taking damage. [potion of mutation]
  5709 | D:6      | Lost mutation: You are clumsy. (Dex -2) [potion of
                  | mutation]
  5810 | D:6      | Found a staircase to the Ecumenical Temple.
  6372 | D:7      | Found a glowing silver altar of Zin.
  6433 | D:7      | Reached XP level 10. HP: 97/97 MP: 9/9
  6452 | D:7      | Found Fohebueg's Antique Armour Emporium.
  6461 | D:7      | Bought a pair of crude boots for 332 gold pieces
  6461 | D:7      | Identified the +2 pair of boots of Voaf {*Slow Will+ Str+2}
                  | (You bought it in a shop on level 7 of the Dungeon)
  7183 | D:8      | Found Cosir's Jewellery Boutique.
  8128 | D:8      | Lost mutation: You sometimes lose the ability to read
                  | scrolls when taking damage. [potion of mutation]
  8128 | D:8      | Gained mutation: You are agile. (Dex +2) [potion of
                  | mutation]
  8129 | D:8      | Lost mutation: You are agile. (Dex +2) [potion of mutation]
  8129 | D:8      | Gained mutation: Your skin changes colour to match your
                  | surroundings (Stealth+). [potion of mutation]
  8438 | D:9      | Reached XP level 11. HP: 106/106 MP: 10/10
  8526 | D:9      | Reached ***** piety under Trog
  8764 | D:9      | Found a staircase to the Orcish Mines.
  8936 | D:10     | Entered Level 10 of the Dungeon
  8997 | D:10     | Noticed a two-headed ogre
  9007 | D:10     | Killed a two-headed ogre
  9171 | D:10     | Noticed a two-headed ogre
  9178 | D:10     | Killed a two-headed ogre
 10007 | D:11     | Noticed a two-headed ogre
 10008 | D:11     | Found Nireis's Antique Weapon Shoppe.
 10017 | D:11     | You fall into a shaft and drop 1 floor!
 10046 | D:12     | Noticed a boulder beetle
 10061 | D:12     | Killed a boulder beetle
 10195 | D:12     | Noticed a two-headed ogre
 10205 | D:12     | Killed a two-headed ogre
 10253 | D:12     | Noticed a boulder beetle
 10269 | D:12     | Killed a boulder beetle
 10351 | D:12     | Reached XP level 12. HP: 118/118 MP: 11/11
 10363 | D:11     | Noticed a boulder beetle
 10386 | D:11     | Killed a boulder beetle
 10714 | D:11     | Found a staircase to the Lair.
 10851 | D:11     | Identified the +1 chain mail of Inquiry {rPois rF- rCorr
                  | Dex-2}
 11305 | D:11     | Reached skill level 15 in Axes
 11777 | D:12     | Noticed a two-headed ogre
 11785 | D:12     | Killed a two-headed ogre
 11786 | D:12     | Reached skill level 15 in Fighting
 12025 | D:12     | Received a gift from Trog
 12065 | D:11     | Killed a two-headed ogre
 12163 | Lair:1   | Entered Level 1 of the Lair of Beasts
 12224 | Lair:1   | Reached skill level 15 in Armour
 12485 | Lair:1   | Identified the +2 war axe of Domination {freeze, rElec}
 13164 | Lair:2   | Noticed a seven-headed hydra
 13165 | Lair:2   | Reached XP level 13. HP: 125/128 MP: 12/12
 14812 | Lair:3   | Found a hole to the Spider Nest.
 15653 | Lair:4   | Found a staircase to the Swamp.
 15944 | Lair:4   | Received a gift from Trog
 16445 | Lair:5   | Identified the +5 long sword of Greatest Utility {vamp,
                  | rCorr}
 16949 | Lair:5   | Reached XP level 14. HP: 90/140 MP: 8/13
 17362 | Lair:5   | Found a staircase to the Slime Pits.
 17390 | Lair:6   | Entered Level 6 of the Lair of Beasts
 18907 | Lair:6   | Identified the +11 quarterstaff "Dyqop Ceif" {vamp, Contam
                  | rN+ Will+}
 19044 | Lair:6   | Identified the +1 chain mail of Weirdness {rN+ Int+7}
 19214 | Orc:1    | Entered Level 1 of the Orcish Mines
 19235 | Orc:1    | Noticed an orc warlord
 19259 | Orc:1    | Killed an orc warlord
 20063 | Orc:1    | HP: 3/144 [orc warrior (9)]
 20957 | Spider:1 | Entered Level 1 of the Spider Nest
 21292 | Spider:1 | Noticed a broodmother
 21307 | Spider:1 | Reached XP level 15. HP: 131/152 MP: 8/14
 21324 | Spider:1 | Blown up by an orb spider

Illustrated notes

Levels and vault maps discovered:
D:1:      minmay_arrival_four_houses, layout_loops_ring, minmay_quantized
D:2:      layout_basic
D:3:      layout_rooms, gammafunk_temple_overflow_pools, serial_bayou,
          serial_bayou_shore_b, serial_bayou_shore_b, serial_bayou_shore_a,
          serial_bayou_crossing, cheibrodos_sewer_entry_bend,
          minmay_diced_spiral, uniq_crazy_yiuf_cottage
D:4:      layout_loops_ring, serial_shops, nicolae_stop_n_shop_2,
          serial_co_window_serial, co_window_paths_a, co_window_corner_a,
          co_window_paths_b, co_window_corner_a, co_window_corner_a,
          co_window_paths_b, co_window_corner_b, co_window_corner_cb,
          co_window_corner_cb, glass_columns_a, glass_columns_b,
          glass_columns_a, grunt_decor_clamped, chequers_serial_rivers_small_3,
          minivault_23, st_stairs_1, minmay_shop_mayhem, minmay_manual_mess,
          uniq_edmund, uniq_eustachio
D:5:      layout_cave_pools, uniq_grinder
D:6:      layout_basic, mainiacjoe_overflow_catwalk, minmay_temple_entry_mist,
          biasface_ghost_orc_armoury, chequers_ossuary_entry_cave, uniq_sigmund
D:7:      layout_basic, lemuel_coloured_pillars_altar, serial_shops,
          nicolae_shop_overgrown_old_shop, minmay_microvault
D:8:      layout_cave_pools, serial_shops, shop, grunt_ministairs_11
D:9:      layout_big_octagon, david_orc_5
D:10:     layout_basic, nicolae_concentric_dashed_squares_mild, minmay_radiant
D:11:     layout_basic, minmay_lair_entry_grove, serial_shops,
          nicolae_take_the_stairs, nicolae_underground_beach
D:12:     layout_irregular_city
Lair:1:   layout_chaotic_city
Lair:2:   layout_cave_pods, st_stairs_3, serial_bayou_shore_b
Lair:3:   layout_regular_city, nicolae_spider_entry_orb_guardian,
          infiniplex_staircase_pool_2, grunt_megastairs_1
Lair:4:   layout_gridlike, nicolae_swamp_entry_splash_gauntlet
Lair:5:   layout_cave_pods, minmay_slime_entry_oklob_open
Lair:6:   grunt_lair_end_beastmaster, layout_gridlike, grunt_megastairs_3
Spider:1: layout_spider_delve, nicolae_spider_some_kinda_spiderbox
Orc:1:    layout_diamond_mine, portal_ice_cave_entry_imps,
          guppyfry_orc_lava_fort

Skill      XL: |  1  2  3  4  5  6  7  8  9 10 11 12 13 14 15 |
---------------+----------------------------------------------+-----
Axes           | 4 5 9 10 11 12 14 15 17 18 | 18.0
Fighting       | 4 5 9 10 11 12 14 15 17 19 | 19.2
Armour         | 3 4 9 10 11 12 14 15 17 18 19 | 19.0
Dodging        | |  2.1

Action                   |  1- 3 |  4- 6 |  7- 9 | 10-12 | 13-15 || total
-------------------------+-------+-------+-------+-------+-------++-------
Melee: Hand axe          |   102 |    58 |   155 |   473 |       ||   788
       Headbutt          |    10 |     6 |    48 |    96 |   125 ||   285
       Punch             |     1 |     1 |     2 |     4 |     5 ||    13
       War axe           |       |       |    99 |    44 |   227 ||   370
       Battleaxe         |       |       |       |       |   322 ||   322
Invok: Berserk           |     2 |     2 |     6 |    13 |    12 ||    35
       Trog's Hand       |       |       |     2 |     1 |     7 ||    10
       Brothers in Arms  |       |       |       |     1 |     2 ||     3
  Use: Scroll            |       |    10 |     9 |     3 |     7 ||    29
       Potion            |       |     1 |     3 |     2 |     5 ||    11
 Stab: Petrified         |       |       |       |       |     4 ||     4
Armor: Scale mail        |    49 |    26 |       |       |       ||    75
       Animal skin       |     1 |       |       |       |       ||     1
       Plate armour      |       |       |   161 |   342 |   382 ||   885
Dodge: Dodged            |    59 |    24 |    85 |   221 |   230 ||   619
